[Event "Early-Titled-Tuesday-Blitz-March-26-2024"]
[Site "Chess.com"]
[Date "2024.03.26"]
[Round "10"]
[White "flawian2008"]
[Black "Chess_Gainz"]
[Result "1-0"]
[WhiteElo "2427"]
[BlackElo "2527"]
[TimeControl "180+1"]
[EndTime "9:52:10 PDT"]
[Termination "flawian2008 won by resignation"]

1. e4 c5 2. Nf3 Nc6 3. Bb5 g6 4. O-O Bg7 5. Re1 e5 6. b4 Nxb4 7. Bb2 a6 8. a3 axb5 9. axb4 Rxa1 10. Bxa1 cxb4 11. d4 d6 12. dxe5 dxe5 13. Qe2 Qc7 14. Qxb5+ Bd7 15. Qxb4 Ne7 16. Na3 Nc6 17. Qc5 Bf8 18. Nb5 Bxc5 19. Nxc7+ Kd8 20. Nd5 Re8 21. Rb1 Kc8 22. Bc3 Nd4 23. Ra1 Kb8 24. Bxd4 exd4 25. Nf6 Re7 26. Nxd7+ Rxd7 27. Ne1 Re7 28. Nd3 Bd6 29. Re1 Rc7 30. Re2 f6 31. f4 Kc8 32.
e5 fxe5 33. fxe5 Be7 34. Kf2 Bg5 35. Kf3 Be3 36. Ke4 Kd7 37. Kd5 Ke7 38. h4 h5 39. g3 Rd7+ 40. Ke4 Ke6 41. Nc5+ 1-0

[Event "Early-Titled-Tuesday-Blitz-March-26-2024"]
[Site "Chess.com"]
[Date "2024.03.26"]
[Round "10"]
[White "gpsji27"]
[Black "AnaKuchava"]
[Result "0-1"]
[WhiteElo "2335"]
[BlackElo "2158"]
[TimeControl "180+1"]
[EndTime "9:52:11 PDT"]
[Termination "AnaKuchava won by resignation"]

1. d4 d5 2. Nf3 Nf6 3. Bg5 e6 4. e3 Be7 5. Nbd2 O-O 6. Bd3 h6 7. Bh4 c5 8. c3 b6 9. O-O Bb7 10.
Ne5 Nbd7 11. f4 Ne4 12. Bxe7 Qxe7 13. Ndf3 f5 14. Ng6 Qf6 15. Nxf8 Rxf8 16. Ne5 Nxe5 17. fxe5 Qg5 18. Qe2 c4 19. Bxe4 dxe4 20. Qxc4 Qxe3+ 21. Kh1 Bd5 22. Qa6 Qd2 23. c4 Ba8 24. Rad1 Qxb2 25.
Qa4 e3 26. Rg1 e2 27. Rde1 f4 28. Qd7 f3 29. Qxe6+ Kh8 30. gxf3 Bxf3+ 31. Rg2 Qd2 0-1

[Event "Early-Titled-Tuesday-Blitz-March-26-2024"]
[Site "Chess.com"]
[Date "2024.03.26"]
[Round "10"]
[White "ChessSwole"]
[Black "Happy1712Drummer"]
[Result "1-0"]
[WhiteElo "2671"]
[BlackElo "2453"]
[TimeControl "180+1"]
[EndTime "9:52:13 PDT"]
[Termination "ChessSwole won by resignation"]

1. d4 d5 2. c4 e6 3. Nf3 c5 4.
cxd5 exd5 5. g3 Nc6 6. Bg2 Nf6 7. O-O Be7 8. dxc5 Bxc5 9. b3 O-O 10. Bb2 Re8 11. Nc3 a6 12. Rc1 Ba7 13. Na4 Bg4 14. Nc5 Qe7 15. Bxf6 gxf6 16. Qxd5 Rad8 17. Qc4 Bxf3 18.
Bxf3 Ne5 19. Qb4 Nxf3+ 20. exf3 Rc8 21. Qg4+ Kh8 22. Ne4 Rxc1 23. Rxc1 Rg8 24. Qf5 Bd4 25. Kg2 Rg6 26. Rd1 Be5 27. Rd7 Qe8 28. Rxb7 Kg7 29.
f4 Bb2 30. Nd6 Qc6+ 31. Qe4 Qxd6 32. Qc4 a5 33. Qxf7+ 1-0

[Event "Early-Titled-Tuesday-Blitz-March-26-2024"]
[Site "Chess.com"]
[Date "2024.03.26"]
[Round "10"]
[White "CFalcons8"]
[Black "dodorox"]
[Result "1/2-1/2"]
[WhiteElo "2399"]
[BlackElo "2140"]
[TimeControl "180+1"]
[EndTime "9:52:16 PDT"]
[Termination "Game drawn - insufficient material"]

1. e4 e6 2. d4 d5 3. Nd2 dxe4 4. Nxe4 Nf6 5. Nxf6+ Qxf6 6. Nf3 h6 7. Bd3 c5 8. c3 Nc6 9. Be3 Bd7 10. dxc5 Be7 11. O-O O-O 12. Qc2 e5 13. Rad1 Bg4 14. Be4 Rad8 15.
Rxd8 Rxd8 16. Rd1 Qe6 17. Rxd8+ Bxd8 18. c4 Bxf3 19. Bxf3 Nd4 20. Bxd4 exd4 21. Qe4 Qxe4 22. Bxe4 Be7 23. Bxb7 Bxc5 24. Be4 Kf8 25. Bd3 Ke7 26. Kf1 Kd6 27. Ke2 Ke5 28. g3 a5 29. f4+ Ke6 30.
Kf3 f5 31. h3 Bd6 32. g4 g6 33. b3 Bc7 34. h4 Kf6 35. h5 fxg4+ 36. Kxg4 gxh5+ 37. Kxh5 Bxf4 38. c5 Ke5 39. c6 Kd6 40. Kg4 Be3 41. Be4 d3 42. Bxd3 Kxc6 43. Kf3 Bg5 44. Bg6 Kc5 45. Kg4 Kb4 46. Bf7 Ka3 47. Kh5 Kxa2 48.
b4+ Ka3 49. bxa5 Be3 50. a6 Kb4 51. a7 Bxa7 52. Kxh6 1/2-1/2

[Event "Early-Titled-Tuesday-Blitz-March-26-2024"]
[Site "Chess.com"]
[Date "2024.03.26"]
[Round "10"]
[White "NikitaShnadrygin"]
[Black "scarabee43"]
[Result "1/2-1/2"]
[WhiteElo "2659"]
[BlackElo "2836"]
[TimeControl "180+1"]
[EndTime "9:52:19 PDT"]
[Termination "Game drawn by repetition"]

1. e4 c5 2. Nf3 e6 3. d4 cxd4 4. Nxd4 Nc6 5. Nc3 Qc7 6. Be2 a6 7. O-O Nf6 8. Be3 Be7 9. f4 d6 10. Kh1 O-O 11. Qe1 Nxd4 12. Bxd4 b5 13. e5 dxe5 14.
Bxe5 Qb6 15. a4 b4 16. a5 Qa7 17. Na4 Nd7 18. Bf3 Bb7 19. Rd1 Bxf3 20. Rxf3 Nxe5 21.
fxe5 Rac8 22. Nb6 Rxc2 23. Rd7 Rc7 24. Rfd3 Qb8 25. Qd1 Rxd7 26. Nxd7 Qb5 27. Nxf8 Bxf8 28. Rd8 Qxa5 29. h3 Qc5 30. Qd6 Qc1+ 31. Kh2 Qf4+ 32. Kg1 Qc1+ 33. Qd1 Qc5+ 34. Kh1 g6 35. Qd6 Qc1+ 36.
Kh2 Qf4+ 37. Kh1 Qf1+ 38. Kh2 Qf4+ 39. Kh1 Qf1+ 40. Kh2 Qf4+ 1/2-1/2

[Event "Early-Titled-Tuesday-Blitz-March-26-2024"]
[Site "Chess.com"]
[Date "2024.03.26"]
[Round "10"]
[White "jaskol95"]
[Black "Shahdad2007"]
[Result "0-1"]
[WhiteElo "2483"]
[BlackElo "2633"]
[TimeControl "180+1"]
[EndTime "9:52:19 PDT"]
[Termination "Shahdad2007 won by resignation"]

1. e4 d6 2. d4 Nf6 3. Nc3 g6 4. Bf4 c6 5. Qd2 Bg7 6. O-O-O h5 7. f3 Qa5 8. Kb1 Nbd7 9. Nge2 O-O 10. Bh6 b5 11. Bxg7 Kxg7 12. Qg5 Qc7 13. Ng3 Rh8 14. e5 dxe5 15. Nce4 exd4 16. Nf5+ Kf8 17. Nxe7 Kxe7 18. Re1 Qe5 19. Qh4 Kf8 20. Bd3 Nxe4 21. Rxe4 Qf6 22.
Qg3 Kg7 23. Rf4 h4 24. Qg4 Ne5 25. Rxf6 Bxg4 26. Rd6 Nxd3 27. cxd3 Bf5 28. Kc2 Rhd8 29. Rxc6 Rac8 30. Rxc8 Rxc8+ 31. Kd2 Re8 32. Rc1 Re3 33. Rc7 Rxd3+ 0-1

[Event "Early-Titled-Tuesday-Blitz-March-26-2024"]
[Site "Chess.com"]
[Date "2024.03.26"]
[Round "10"]
[White "ural58"]
[Black "Winner_7777"]
[Result "0-1"]
[WhiteElo "2470"]
[BlackElo "2593"]
[TimeControl "180+1"]
[EndTime "9:52:20 PDT"]
[Termination "Winner_7777 won by resignation"]

1. e4 c5 2. b3 Nc6 3. Bb2 d6 4. f4 Nf6 5. Qf3 e5 6. Bb5 Qc7 7. Ne2 a6 8. Bxc6+ Qxc6 9. d3 Qc7 10. c4 h5 11. h3 h4 12. Nbc3 Be6 13. O-O Be7 14. Nd5 Bxd5 15. exd5 O-O-O 16. fxe5 dxe5 17. Qf5+ Kb8 18. Bxe5 Bd6 19. Bxd6 Rxd6 20. d4 Re8 21. Qf2 cxd4 22. Nxd4 Ne4 23. Qf4 g5 24. Qf3 Qc5 25. Rad1 Ng3 26. Qxf7 Re4 27. Qg8+ Ka7 28. b4 Qxc4 29.
Nc6+ Rxc6 30. dxc6 Qxg8 0-1

[Event "Early-Titled-Tuesday-Blitz-March-26-2024"]
[Site "Chess.com"]
[Date "2024.03.26"]
[Round "10"]
[White "ernestina08chess"]
[Black "NastyaHn"]
[Result "1-0"]
[WhiteElo "2276"]
[BlackElo "2442"]
[TimeControl "180+1"]
[EndTime "9:52:23 PDT"]
[Termination "ernestina08chess won on time"]

1. e4 e6 2. d4 d5 3. e5 c5 4. c3 Nc6 5. Nf3 Qb6 6. Bd3 cxd4 7. O-O a6 8. Re1 Nge7 9. h4 Bd7 10. Nbd2 Ng6 11.
Nb3 dxc3 12. bxc3 Qc7 13. Qe2 Be7 14. g3 O-O-O 15. h5 Nf8 16. Rb1 f6 17. Nbd4 Nb8 18.
Bf4 f5 19. Rec1 Bc6 20. c4 dxc4 21. Bxc4 Kd7 22. Bg5 h6 23. Bf4 Ba3 24. Rc3 Qa5 25.
Qd3 Ke7 26. Rxa3 1-0

[Event "Early-Titled-Tuesday-Blitz-March-26-2024"]
[Site "Chess.com"]
[Date "2024.03.26"]
[Round "10"]
[White "Boundless_Strike"]
[Black "Oligan22"]
[Result "1-0"]
[WhiteElo "2620"]
[BlackElo "2465"]
[TimeControl "180+1"]
[EndTime "9:52:25 PDT"]
[Termination "Boundless_Strike won on time"]

1. d4 d5 2. e4 dxe4 3. Nc3 Nf6 4.
f3 exf3 5. Nxf3 Bf5 6. Ne5 e6 7. g4 Bg6 8. Bg2 c6 9. h4 Bb4 10. O-O Bxc2 11. Qd2 Be4 12. Bxe4 Nxe4 13. Qf4 Qxd4+ 14. Kg2 f6 15. Nf3 Qd6 16. Qxe4 Nd7 17.
Be3 O-O-O 18. Rad1 Qe7 19. Bxa7 Nc5 20. Qxb4 1-0

[Event "Early-Titled-Tuesday-Blitz-March-26-2024"]
[Site "Chess.com"]
[Date "2024.03.26"]
[Round "10"]
[White "kriscacco"]
[Black "Marielchessy"]
[Result "1-0"]
[WhiteElo "2207"]
[BlackElo "2344"]
[TimeControl "180+1"]
[EndTime "9:52:30 PDT"]
[Termination "kriscacco won by resignation"]

1. d4 Nf6 2. Nf3 c5 3. c4 cxd4 4. Nxd4 e5 5. Nc2 d5 6. cxd5 Qxd5 7. Qxd5 Nxd5 8. e4 Nb4 9. Nxb4 Bxb4+ 10. Bd2 Bxd2+ 11.
Nxd2 Nc6 12. Bb5 Bd7 13. Nc4 Nd4 14. Bxd7+ Kxd7 15. O-O Ke6 16. Rfd1 Rhc8 17. b3 b5 18.
Ne3 a5 19. Rd2 a4 20. bxa4 Rxa4 21. Rb1 f6 22. f3 Ra3 23. Kf2 Rcc3 24. Nd5 Rd3 25.
Rxd3 Rxd3 26. Rb2 Kd6 27. Ne3 Kc5 28. h4 b4 29. h5 g6 30. hxg6 hxg6 31. Ng4 Rc3 32.
Nxf6 Rc2+ 33. Rxc2+ Nxc2 34. Ke2 Kd4 35. Kd2 Na3 36. Ng4 Nb5 37. Kc2 Nc3 38. Kb3 Ne2 39. Kxb4 Nf4 40. a4 Nd3+ 41. Kb5 1-0

[Event "Early-Titled-Tuesday-Blitz-March-26-2024"]
[Site "Chess.com"]
[Date "2024.03.26"]
[Round "10"]
[White "Yuruultei"]
[Black "Brahianzevich"]
[Result "0-1"]
[WhiteElo "2273"]
[BlackElo "2465"]
[TimeControl "180+1"]
[EndTime "9:52:32 PDT"]
[Termination "Brahianzevich won by resignation"]

1. d4 d5 2. c4 e6 3. Nf3 Nf6 4. g3 Be7 5. Bg2 O-O 6. O-O dxc4 7. Ne5 Nc6 8. Nxc6 bxc6 9. Nc3 Rb8 10. e4 c5 11. d5 exd5 12. exd5 Bf5 13. Re1 Bd6 14. Bg5 h6 15. Bxf6 Qxf6 16. Qd2 Rb4 17. Be4 Rfb8 18. Bxf5 Qxf5 19. Rab1 h5 20. h4 Be5 21. d6 cxd6 22. Nd5 R4b7 23. Rbd1 Qg4 24. Ne3 Qe6 25. Rb1 Rxb2 26. Rxb2 Rxb2 27. Qa5 Bd4 28. Ng4 Qxg4 29. Qd8+ Kh7 30. Rf1 Qxg3+ 0-1

[Event "Early-Titled-Tuesday-Blitz-March-26-2024"]
[Site "Chess.com"]
[Date "2024.03.26"]
[Round "10"]
[White "AccioChess"]
[Black "rhwr"]
[Result "1-0"]
[WhiteElo "2510"]
[BlackElo "2315"]
[TimeControl "180+1"]
[EndTime "9:52:32 PDT"]
[Termination "AccioChess won on time"]

1. Nf3 c5 2. g3 Nc6 3. Bg2 e5 4. O-O e4 5. Ne1 d5 6. c4 Nf6 7. Nc3 Be6 8. cxd5 Bxd5 9. Qa4 e3 10. dxe3 Bxg2 11. Kxg2 Be7 12. e4 O-O 13. Nf3 Rb8 14.
Rd1 Qc8 15. Bf4 Ra8 16. e5 Nh5 17. Nd5 Nxf4+ 18. Qxf4 Re8 19. Rac1 b6 20. b4 Bf8 21. b5 Nd8 22. e4 Ne6 23. Qe3 Qb7 24. a4 a6 25. Nd2 axb5 26. axb5 Nd4 27. Nc4 Nxb5 28. Ncxb6 Ra2 29. Qb3 Qa6 30. Nc4 Nd4 31. Rxd4 cxd4 32. Nc7 Qc6 33. Nxe8 Qxe4+ 34. Qf3 1-0

[Event "Early-Titled-Tuesday-Blitz-March-26-2024"]
[Site "Chess.com"]
[Date "2024.03.26"]
[Round "10"]
[White "pfalcon1949"]
[Black "Veleamater"]
[Result "0-1"]
[WhiteElo "2069"]
[BlackElo "2406"]
[TimeControl "180+1"]
[EndTime "9:52:32 PDT"]
[Termination "Veleamater won by resignation"]

1. e4 d6 2. d4 g6 3. Nc3 Bg7 4. Be3 Nf6 5. Qd2 Nc6 6. f3 O-O 7. Nge2 e5 8. d5 Ne7 9. g4 c6 10. dxc6 bxc6 11. h4 d5 12. exd5 Nfxd5 13. Bh6 f5 14.
Bxg7 Kxg7 15. h5 Nxc3 16. Qxc3 Qc7 17. g5 Nd5 18. Qd2 f4 19. O-O-O Bf5 20. Nc3 Ne3 21. hxg6 hxg6 22. Re1 Rad8 23. Bd3 Qd7 24. Qh2 Rh8 25. Qe2 Bxd3 26. cxd3 Qxd3 27. Qxd3 Rxd3 28. Rxh8 Kxh8 29. Ne4 Nd5 30. Rh1+ Kg7 31. Kc2 Rxf3 32. Re1 Rh3 33. a3 Rh2+ 34. Kb3 Rh3+ 35. Kc4 Re3 36. Rh1 f3 37.
Kc5 Rxe4 38. Kxc6 Ne7+ 39. Kd6 Nf5+ 40. Kd5 Re2 41. Rf1 f2 42. Ke6 Ng3 43. Rxf2 Rxf2 44.
Kxe5 Rxb2 45. Kf4 Rb3 0-1

[Event "Early-Titled-Tuesday-Blitz-March-26-2024"]
[Site "Chess.com"]
[Date "2024.03.26"]
[Round "10"]
[White "Harry_Rakkel"]
[Black "imdvb6307"]
[Result "1-0"]
[WhiteElo "2715"]
[BlackElo "2515"]
[TimeControl "180+1"]
[EndTime "9:52:33 PDT"]
[Termination "Harry_Rakkel won on time"]

1. Nf3 d5 2. g3 c6 3. Bg2 Bg4 4. O-O Nd7 5. d3 e6 6. Nbd2 Ngf6 7. h3 Bxf3 8. Nxf3 Bd6 9. Re1 O-O 10. e4 dxe4 11. dxe4 Ne5 12. Nh2 Bc5 13. Qe2 Qb6 14. Rf1 Qb5 15. Qe1 Qc4 16. Bf4 Ng6 17. b3 Qb5 18. Bd2 e5 19. Kh1 Rfe8 20. a4 Qa6 21. Bf3 Nd7 22. Be2 b5 23. axb5 Qb7 24. bxc6 Qxc6 25.
Bd3 Red8 26. Nf3 Bb6 27. b4 Ndf8 28. Qe2 Ne6 29. c3 f6 30. Bc4 Kh8 31. Rfd1 Rac8 32.
Bd5 Qe8 33. Be1 Ngf8 34. c4 Nd4 35. Nxd4 Bxd4 36. Ra6 Nd7 37. c5 Rc7 38. Kg2 Nb8 39.
Re6 Qf8 40. Rd3 a5 41. bxa5 Qxc5 42. Rb3 1-0

[Event "Early-Titled-Tuesday-Blitz-March-26-2024"]
[Site "Chess.com"]
[Date "2024.03.26"]
[Round "10"]
[White "ChessQueen"]
[Black "guillembaches"]
[Result "1/2-1/2"]
[WhiteElo "2713"]
[BlackElo "2532"]
[TimeControl "180+1"]
[EndTime "9:52:35 PDT"]
[Termination "Game drawn by repetition"]

1. e4 d5 2. exd5 Qxd5 3. Nc3 Qa5 4. Nf3 Nf6 5. d4 Bf5 6. Bc4 e6 7. Bd2 Bb4 8. a3 Bxc3 9. Bxc3 Qb6 10. Qe2 O-O 11. Bb4 Re8 12. O-O-O Nc6 13. Bc5 Qa5 14.
Bb5 Ne4 15. g4 Bg6 16. h4 Nxc5 17. dxc5 h5 18. Ne5 Nxe5 19. Bxe8 Nxg4 20. Bb5 Nxf2 21. Qxf2 Qxb5 22. Rhg1 Qc4 23. Rd4 Qa2 24. Rxg6 fxg6 25. Qe3 Rf8 26. Rf4 Rxf4 27. Qxf4 Qa1+ 28. Kd2 Qxb2 29.
Qxc7 Qd4+ 30. Kc1 Qa1+ 31. Kd2 Qd4+ 32. Kc1 Qa1+ 33. Kd2 Qd4+ 1/2-1/2

[Event "Early-Titled-Tuesday-Blitz-March-26-2024"]
[Site "Chess.com"]
[Date "2024.03.26"]
[Round "10"]
[White "balack95"]
[Black "HanSchut"]
[Result "1-0"]
[WhiteElo "2459"]
[BlackElo "2280"]
[TimeControl "180+1"]
[EndTime "9:52:35 PDT"]
[Termination "balack95 won by checkmate"]

1. d4 Nf6 2. c4 g6 3. Nc3 d5 4. cxd5 Nxd5 5. Bd2 Nb6 6. e3 Bg7 7. f4 O-O 8. Nf3 N8d7 9. Ne4 c5 10. dxc5 Nd5 11. Qb3 N7f6 12. Nxf6+ Nxf6 13. Rd1 Bg4 14. Be2 Qc7 15. Qa3 Ne4 16. b4 a5 17. bxa5 Qxc5 18. Qxc5 Nxc5 19. Bb4 Rfc8 20. h3 Be6 21. O-O Bxa2 22. Nd4 Ne6 23. Nb5 Bc4 24. Bxc4 Rxc4 25. Bxe7 Bf8 26. Bxf8 Kxf8 27. Nd6 Rb4 28. f5 Nc5 29. fxg6 hxg6 30. Rxf7+ Kg8 31. Rc7 Ne4 32. Nxb7 Nc3 33. Rdd7 Ne2+ 34. Kf2 Rb2 35. Kf3 Rf8+ 36. Kg4 Rb4+ 37. Kg5 Re8 38. Rg7+ Kf8 39. Rcf7# 1-0

[Event "Early-Titled-Tuesday-Blitz-March-26-2024"]
[Site "Chess.com"]
[Date "2024.03.26"]
[Round "10"]
[White "JimDiGrease"]
[Black "Mikhail_Bryakin"]
[Result "1-0"]
[WhiteElo "2957"]
[BlackElo "2852"]
[TimeControl "180+1"]
[EndTime "9:52:39 PDT"]
[Termination "JimDiGrease won by resignation"]

1. d4 Nf6 2. c4 a6 3. e3 e6 4. Nf3 d5 5. b3 c5 6. cxd5 Nxd5 7. a3 Nc6 8. Bb2 cxd4 9. Nxd4 Bd7 10. Be2 Rc8 11. Nf3 Nf6 12. O-O Be7 13. Nc3 O-O 14. Bd3 b5 15. Ne4 Nxe4 16. Bxe4 f5 17. Bd3 Qc7 18.
Rc1 Rfd8 19. Qe2 Be8 20. e4 g6 21. exf5 exf5 22. Rfe1 Bf8 23. a4 Qd7 24. Rcd1 Qe7 25. Qf1 Qf7 26. axb5 Nb4 27. Bc4 Rxc4 28. Rxd8 Re4 29.
Ng5 Qe7 30. Nxe4 fxe4 31. Rxe8 Qxe8 32. Qc4+ 1-0

[Event "Early-Titled-Tuesday-Blitz-March-26-2024"]
[Site "Chess.com"]
[Date "2024.03.26"]
[Round "10"]
[White "Ginger_GM"]
[Black "quizden37"]
[Result "1-0"]
[WhiteElo "2627"]
[BlackElo "2848"]
[TimeControl "180+1"]
[EndTime "9:52:39 PDT"]
[Termination "Ginger_GM won by resignation"]

1. e4 c5 2. Be2 Nc6 3. f4 g6 4. Nf3 Bg7 5. O-O d6 6. d3 Nf6 7. Qe1 O-O 8. Qh4 Bg4 9. Nbd2 e5 10. h3 Bxf3 11. Nxf3 Nh5 12. Ng5 h6 13. Bxh5 hxg5 14. fxg5 gxh5 15. Qxh5 d5 16. Be3 dxe4 17. dxe4 Qe7 18.
Rf2 Qe6 19. Raf1 Ne7 20. Rf6 Qc4 21. Qg4 Qxc2 22. h4 Ng6 23. h5 Nf4 24. Bxf4 exf4 25. h6 Bh8 26. Qf5 Qxb2 27. e5 Qd4+ 28. Kh1 Bg7 29.
hxg7 Kxg7 30. Rh6 Rg8 31. Rh7+ 1-0

[Event "Early-Titled-Tuesday-Blitz-March-26-2024"]
[Site "Chess.com"]
[Date "2024.03.26"]
[Round "10"]
[White "artooon"]
[Black "sergoy"]
[Result "1-0"]
[WhiteElo "3026"]
[BlackElo "2910"]
[TimeControl "180+1"]
[EndTime "9:52:45 PDT"]
[Termination "artooon won by resignation"]

1. e4 c5 2. Nf3 e6 3. d4 cxd4 4.
Nxd4 a6 5. Bd3 Bc5 6. Nb3 Ba7 7. O-O Nc6 8. Kh1 Nge7 9. Qe2 O-O 10. Be3 d5 11. Bxa7 Rxa7 12. N1d2 b5 13. f4 Rc7 14. a3 Bb7 15. Rad1 dxe4 16. Nxe4 Nd5 17. Qf2 Nce7 18. Nec5 Qa8 19. Be4 Bc6 20. Nd4 g6 21. Rde1 Bd7 22.
b4 Qc8 23. Qh4 a5 24. Nf3 Kg7 25. Ne5 axb4 26. axb4 Be8 27. Rf3 f6 28. Ng4 h5 29.
Bxd5 exd5 30. Ne6+ Kh8 31. Nxf8 Qxg4 32. Qxf6+ Kg8 33.
Ne6 1-0

[Event "Early-Titled-Tuesday-Blitz-March-26-2024"]
[Site "Chess.com"]
[Date "2024.03.26"]
[Round "10"]
[White "Joachim100x"]
[Black "RobertDowneyJr0111"]
[Result "1-0"]
[WhiteElo "2543"]
[BlackElo "2633"]
[TimeControl "180+1"]
[EndTime "9:52:46 PDT"]
[Termination "Joachim100x won by checkmate"]

1. e4 e5 2. Nf3 Nc6 3. Bb5 a6 4. Ba4 Nf6 5. Nc3 b5 6. Bb3 Bc5 7. O-O d6 8. d3 h6 9. Be3 O-O 10. h3 Rb8 11. a3 Re8 12. Nd5 Nxd5 13. Bxd5 Ne7 14. Bb3 Ng6 15. Nh2 Qh4 16. Nf3 Qf6 17.
Nh2 Nf4 18. Bxf4 Qxf4 19. Qf3 Qxf3 20. Nxf3 Kf8 21. c3 Bb6 22. Rfd1 g6 23. Bc2 Kg7 24. d4 f5 25. dxe5 dxe5 26. exf5 gxf5 27. Rd2 Kf6 28. Rad1 Bb7 29. Rd7 Rg8 30. Kf1 e4 31. Nh4 Rbe8 32.
Rh7 Kg5 33. g3 f4 34. Rdd7 e3 35. Rdg7+ Kf6 36. Rf7+ Kg5 37. Rf5# 1-0

[Event "Early-Titled-Tuesday-Blitz-March-26-2024"]
[Site "Chess.com"]
[Date "2024.03.26"]
[Round "10"]
[White "Zohid6"]
[Black "shimastream"]
[Result "1-0"]
[WhiteElo "2922"]
[BlackElo "3009"]
[TimeControl "180+1"]
[EndTime "9:52:47 PDT"]
[Termination "Zohid6 won by resignation"]

1. e4 e5 2. Nf3 Qe7 3. Nc3 c6 4. d4 d6 5. Bc4 Bg4 6. dxe5 dxe5 7. h3 Bh5 8. g4 Bg6 9. Qe2 Qc7 10. Be3 Bb4 11.
O-O-O Bxc3 12. bxc3 Nd7 13. Bb3 Ngf6 14. g5 Nxe4 15.
Nh4 Ndc5 16. Kb2 b5 17. f3 Nxb3 18. fxe4 Na5 19. Bc5 Nb7 20. Qe3 Rc8 21. Nf5 Bxf5 22. exf5 Nxc5 23. Qxc5 Qe7 24. Rd6 O-O 25. f6 Qc7 26.
Rhd1 e4 27. fxg7 Rfe8 28. Qf5 Qe7 29. Rh6 1-0

[Event "Early-Titled-Tuesday-Blitz-March-26-2024"]
[Site "Chess.com"]
[Date "2024.03.26"]
[Round "10"]
[White "Staudenhocker43"]
[Black "jk13"]
[Result "1-0"]
[WhiteElo "2580"]
[BlackElo "2710"]
[TimeControl "180+1"]
[EndTime "9:52:48 PDT"]
[Termination "Staudenhocker43 won by resignation"]

1. Nf3 d5 2. d4 c6 3. c4 Nf6 4.
e3 Bg4 5. h3 Bh5 6. Nc3 e6 7.
g4 Bg6 8. Ne5 Nbd7 9. h4 h6 10.
Nxg6 fxg6 11. Qc2 Kf7 12. Bd3 dxc4 13. Bxg6+ Kg8 14. Rg1 Nd5 15. h5 N7b6 16. a3 Bd6 17. Bd2 e5 18. dxe5 Bxe5 19. O-O-O Qe7 20. Kb1 Qf6 21. Ne4 Qe7 22. f4 Bc7 23. g5 hxg5 24. Rxg5 Rh6 25. Rdg1 Rf8 26. R1g3 Qd7 27. Bc3 Bd8 28.
R5g4 Nf6 29. Nxf6+ Bxf6 30. Bf5 Qe7 31. e4 Rxh5 32. e5 Bh4 33. Rxg7+ Qxg7 34. Rxg7+ Kxg7 35. Qg2+ Kh8 36. Qg6 Rhxf5 37. e6+ Bf6 38. e7 1-0

[Event "Early-Titled-Tuesday-Blitz-March-26-2024"]
[Site "Chess.com"]
[Date "2024.03.26"]
[Round "10"]
[White "frequentblunders"]
[Black "kyuotbi"]
[Result "1-0"]
[WhiteElo "2197"]
[BlackElo "2265"]
[TimeControl "180+1"]
[EndTime "9:52:48 PDT"]
[Termination "frequentblunders won on time"]

1. d3 Nf6 2. f4 d5 3. Nf3 c5 4. g3 Nc6 5. Bg2 g6 6. O-O Bg7 7. Nc3 O-O 8. e4 d4 9. Ne2 e5 10. Nh4 exf4 11. gxf4 Ng4 12. Nf3 Ne3 13. Bxe3 dxe3 14.
c3 h5 15. Ng5 Bf6 16. Nf3 h4 17. h3 b6 18. Ne1 Bg7 19. Qc1 Ba6 20. Qxe3 Ne7 21.
Rd1 Qc7 22. Nf3 Bf6 23. Qf2 Rfd8 24. c4 Bxb2 25. Qxh4 Bg7 26. Ng5 Bb7 27. Ng3 Rd4 28. f5 Qd6 29. f6 Nf5 30. Nxf5 1-0

[Event "Early-Titled-Tuesday-Blitz-March-26-2024"]
[Site "Chess.com"]
[Date "2024.03.26"]
[Round "10"]
[White "RebecaJimnz"]
[Black "IshviAggarwal"]
[Result "1-0"]
[WhiteElo "2246"]
[BlackElo "2168"]
[TimeControl "180+1"]
[EndTime "9:52:48 PDT"]
[Termination "RebecaJimnz won by resignation"]

1. e4 e5 2. d4 Nc6 3. d5 Nb8 4. Nf3 d6 5. c4 g6 6. Nc3 Bg7 7. Be3 Ne7 8. Qd2 c5 9. Bh6 O-O 10. h4 f5 11. Bxg7 Kxg7 12. h5 f4 13. hxg6 hxg6 14.
O-O-O Bg4 15. Be2 Ng8 16. g3 a6 17. Rdg1 b5 18. gxf4 Rxf4 19. Nxe5 dxe5 20. Bxg4 Nf6 21.
Bf5 Kf7 22. Bxg6+ Ke7 23. Bf5 Nbd7 24. d6+ Kf7 25. Rh7+ Ke8 26. Bg6+ Kf8 27. Rh8+ Ng8 28. Bh7 Qf6 29. Rhxg8+ Kf7 30. Qd5+ 1-0

[Event "Early-Titled-Tuesday-Blitz-March-26-2024"]
[Site "Chess.com"]
[Date "2024.03.26"]
[Round "10"]
[White "Golubovsky"]
[Black "Shiner22"]
[Result "0-1"]
[WhiteElo "2484"]
[BlackElo "2376"]
[TimeControl "180+1"]
[EndTime "9:52:49 PDT"]
[Termination "Shiner22 won on time"]

1. c4 Nf6 2. Nc3 e6 3. e4 d5 4. e5 d4 5. exf6 dxc3 6. bxc3 Qxf6 7. d4 e5 8. Nf3 Nc6 9. Bg5 Qg6 10. d5 Nb8 11. h4 f6 12. h5 Qf7 13. Be3 Nd7 14. Be2 Bd6 15. Nd2 f5 16. Bg5 h6 17.
Bh4 O-O 18. g4 e4 19. gxf5 Nc5 20. f6 Be5 21. fxg7 Qxg7 22. Rc1 Qg2 23. Rf1 Bh3 24.
Nb3 Nd3+ 25. Bxd3 exd3 26. Qxd3 Qxf1+ 27. Qxf1 Bxf1 28. Kxf1 b6 29. Re1 Rae8 30. Re3 Kh7 31. Nd2 Bf4 32. Rxe8 Rxe8 33. Nf3 Re4 34. Nd4 Be5 35.
Bd8 Bxd4 36. cxd4 Rxd4 37. Bxc7 Rxc4 38. d6 Rd4 39. Ke2 Kg7 40. Ke3 Rd1 41. Bb8 a6 42. Ke4 Kf7 43. Kf5 Rd5+ 44. Kg4 Ke6 45. f4 a5 46. Bc7 a4 47. Bxb6 Rxd6 48. f5+ Kf7 49. Bc5 Rd5 0-1

[Event "Early-Titled-Tuesday-Blitz-March-26-2024"]
[Site "Chess.com"]
[Date "2024.03.26"]
[Round "10"]
[White "Midgardsormur"]
[Black "Let_it_be_1"]
[Result "0-1"]
[WhiteElo "2450"]
[BlackElo "2645"]
[TimeControl "180+1"]
[EndTime "9:52:51 PDT"]
[Termination "Let_it_be_1 won by resignation"]

1. e4 e6 2. d4 d5 3. e5 c5 4. c3 Qb6 5. Nf3 Nc6 6. Bd3 cxd4 7. O-O Bd7 8. Re1 Rc8 9. Nbd2 dxc3 10. bxc3 Na5 11.
Rb1 Qc7 12. Nb3 Nc4 13. Nbd4 a6 14. h4 Ne7 15. h5 h6 16. Qe2 Nc6 17. Bf4 b5 18. g3 Nxd4 19. cxd4 Be7 20. Kg2 Qa5 21. g4 Kd8 22. a4 bxa4 23. Rb7 Bc6 24. Rbb1 a3 25. Qa2 Bb5 26. Rb3 Kd7 27. Reb1 Rc7 28.
Nd2 Qa4 29. Rc3 Rhc8 30. Nxc4 Bxc4 31. Bxc4 Rxc4 32. Rb7+ R8c7 33. Rxc7+ Kxc7 34. Rb3 Rxd4 35. Qc2+ Rc4 0-1

[Event "Early-Titled-Tuesday-Blitz-March-26-2024"]
[Site "Chess.com"]
[Date "2024.03.26"]
[Round "10"]
[White "Hope_6"]
[Black "Nechitaylo_Nikita"]
[Result "1-0"]
[WhiteElo "2653"]
[BlackElo "2370"]
[TimeControl "180+1"]
[EndTime "9:52:52 PDT"]
[Termination "Hope_6 won on time"]

1. d4 c5 2. c3 Nf6 3. Nf3 d5 4.
Bf4 e6 5. e3 Bd6 6. Ne5 O-O 7.
Bd3 Qc7 8. O-O Ne4 9. f3 Nf6 10. Nd2 Nc6 11. Nxc6 Bxf4 12. exf4 bxc6 13. dxc5 Qxf4 14.
Nb3 e5 15. Qc2 a5 16. Rae1 a4 17. Nc1 Ba6 18. Bxa6 Rxa6 19. Nd3 Qc4 20. Rxe5 Nd7 21. Re7 Nxc5 22. Ne5 Qf4 23. Re1 Rb6 24. Kh1 g6 25. Qf2 Rb5 26. g3 Qf6 27. Ng4 Qf5 28. Nh6+ Kg7 29. Nxf5+ gxf5 30. Qd4+ Kg8 31. Re8 1-0

[Event "Early-Titled-Tuesday-Blitz-March-26-2024"]
[Site "Chess.com"]
[Date "2024.03.26"]
[Round "10"]
[White "Slovineanu"]
[Black "Karttunen"]
[Result "0-1"]
[WhiteElo "2534"]
[BlackElo "2726"]
[TimeControl "180+1"]
[EndTime "9:52:53 PDT"]
[Termination "Karttunen won by resignation"]

1. d4 e6 2. c4 Nf6 3. Nf3 d5 4. e3 Bb4+ 5. Nbd2 O-O 6. a3 Be7 7. Bd3 b6 8. O-O Bb7 9. b4 a5 10. b5 c5 11. Bb2 cxd4 12. Bxd4 Nbd7 13. cxd5 exd5 14. a4 Nc5 15. Qe2 Re8 16. Rfc1 Bd6 17. Bc2 Qe7 18. Nb3 Nfe4 19. Bb2 Nxb3 20. Bxb3 Rad8 21.
Bd4 Nc5 22. Bc2 h6 23. g3 Rc8 24. Nh4 g6 25. Nf3 Rc7 26. Kg2 Rec8 27. Bb2 d4 28. Bxd4 Nb3 29. Bxb3 Rxc1 30. Rxc1 Rxc1 31. Bb2 Rc5 32. Kg1 Qe4 33. Bd1 Rf5 34. Kg2 Qb4 35. Qc2 Bc5 36. g4 Qxg4+ 0-1